[Event "7th Sharjah Masters 2024"]
[Site "Sharjah"]
[Date "2024.05.17"]
[Round "4.35"]
[White "Raja Rithvik R"]
[Black "Gupta, Abhijeet"]
[Result "0-1"]
[ECO "E70"]
[WhiteElo "2524"]
[BlackElo "2604"]
[Annotator "TA"]
[PlyCount "82"]
[EventDate "2024.05.13"]
[EventType "swiss"]
[EventCountry "UAE"]
[SourceTitle "playchess.com"]
[Source "ChessBase"]
[SourceQuality "1"]
[TimeControl "5400+30"]

1. d4 Nf6 2. c4 g6 3. Nc3 Bg7 4. e4 d6 5. Nge2 O-O 6. Ng3 h5 7. Be2 {[%emt 0:00:05] E70: King's Indian: Miscellaneous lines with 4 e4, including 5 Nge2 and 5 Bd3 0-0 6 Nge2.} a5 8. Be3 a4 $146 ({Predecessor:} 8... e5 9. d5 Na6 10. f3 Bd7 11. Nf1 Nc5 12. Nd2 a4 13. O-O Qe7 14. b4 axb3 15. axb3 {½-½ Emelyanov,M (2543)-Akdag,M (2568) W-ch37 q03 email 2017}) 9. a3 e5 10. d5 Nbd7 11. Bg5 Nc5 12. Bxh5 Qe8 13. Be2 Nh7 14. Be3 Nb3 15. Rb1 f5 16. exf5 gxf5 17. f4 exf4 18. Bxf4 Bd4 19. Qd3 Bd7 20. Kd1 Be5 21. Rf1 Kh8 22. Kc2 Nd4+ 23. Kd2 b5 (23... Nb3+ $1 $11 24. Kd1 Qg6) 24. Bh5 (24. cxb5 Rb8) ({White should play} 24. Nxb5 $16 Bxb5 25. cxb5) 24... Qd8 (24... Nb3+ $14 25. Kc2 bxc4 26. Qxc4 Nd4+ 27. Kd3 (27. Qxd4 Bxd4 28. Bxe8 Raxe8 $18) 27... Qd8) 25. Rbe1 $1 $16 (25. Bxe5+ dxe5 26. Qe3 Qf6 $17) 25... Bg7 (25... bxc4 26. Bxe5+ dxe5 27. Qe3 $16) 26. Bd1 (26. cxb5 $16 {Bd1 would now be deadly.} Rb8 27. Be3 (27. Nxa4 $2 Bxb5 28. Qe3 Bxa4 $19) 27... Nxb5 28. Nxf5 (28. Nxa4 f4 $11) 28... Nxc3 29. bxc3 Rxf5 30. Rxf5 Bxf5 31. Qxf5) 26... bxc4 $11 27. Qxc4 Rb8 $2 (27... Bc8 $1 $11) 28. Kc1 $18 (28. Nxa4 Bb5 29. Qc1 Qd7 $19) 28... Bb5 29. Nxb5 $1 Rxb5 30. Qxa4 $2 (30. Bxa4 $2 Rc5 $19) ({White has to play} 30. Kb1 $1 $18 {[%cal Og3h5] Nh5! is the strong threat.} Qb8 31. Bc1 (31. Qxa4 $2 Rxb2+ 32. Kc1 Rb1+ 33. Kd2 Qb2+ 34. Bc2 Rxe1 $19)) 30... Qb8 $1 $14 31. Rf2 (31. Nh5 $16 Rxb2 32. Nxg7 Rb1+ 33. Kd2 Qb2+ 34. Kd3) 31... Rc5+ $2 (31... Qb7 $11 32. Be3 c5) 32. Kb1 $18 Nb5 (32... Qb7 {was worth a try.} 33. Nh5 Nb5) 33. Ka2 $2 (33. Bb3 $18) 33... Qb7 $2 (33... Bxb2 $1 $11 34. Kxb2 Nc3+ 35. Qb4 Nxd1+ 36. Rxd1 Rb5) 34. Rfe2 $2 (34. Re3 $18) 34... Nf6 $2 (34... Bxb2 $1 $11 {and Black stays safe.} 35. Kxb2 (35. Rxb2 Qxd5+ 36. Qb3 Ra8 $11) 35... Nc3+ 36. Qb4 Nxd1+ 37. Ka1 (37. Rxd1 Rb5 $15) 37... Qxd5) 35. Bb3 $4 {[%emt 0:01:07][%mdl 8192] [#]} (35. Nxf5 Qxd5+ (35... Nxd5 $2 36. Bd2 $18) 36. Bb3 Qxf5 $15) (35. Be3 $18 Rxd5 36. Bb3) 35... Ra8 $1 $19 36. Qb4 $2 (36. Qxa8+ Qxa8 37. Nxf5) 36... Nxd5 $19 37. Re8+ Kh7 38. Qd2 {[%emt 0:00:34] [#]} Nxa3 $2 (38... Nbc3+ $1 {[%mdl 512] mates} 39. bxc3 Nxc3+ 40. Qxc3 Rxa3+ (40... Bxc3 41. R1e7+ Bg7 42. Bg8+ Kg6 43. Bf7+ Kh7 44. Bg8+ Kg6 45. Bf7+ Kh7 46. Bg8+ $11) (40... Rxc3 41. Bg8+ Kg6 42. R8e6+ Bf6 43. Rxf6+ Kxf6 44. Re6+ Kg7 45. Nxf5+ Kxg8 46. Rg6+ Kf7 47. Rg7+ Kf6 48. Bg5+ Kxf5 49. g4+ Ke4 50. Re7+ Kd5 51. Re5+ dxe5 52. Be7 Rc2+ 53. Ka1 Qb2#) 41. Kxa3 Rxc3 (41... Bxc3 42. R1e7+ Bg7 43. Bg8+ Kg6 44. Bf7+ Kh7 45. Bg8+ Kg6 46. Bf7+ Kh7 47. Bg8+ $11) (41... Qa6+ 42. Kb2 Bxc3+ 43. Kb1 Qd3+ 44. Bc2 Rb5+ 45. Kc1 Bb2+ 46. Kb1 Ba3+ 47. Ka1 Qc3+ 48. Ka2 Qb2#) 42. Rh8+ Kxh8 43. Re8+ Kh7 44. Rh8+ Bxh8 45. Ka4 Qa6+ 46. Kb4 c5#) 39. bxa3 $2 (39. Rxa8 $11 Nb4+ 40. Qxb4 (40. Kxa3 $2 Qxa8+ 41. Ba4 Nc2+ $19) 40... Qxb4 41. Re7) 39... Nc3+ 40. Qxc3 Rxa3+ ({Weaker is} 40... Bxc3 41. R1e7+ Bg7 42. Bg8+ Kg6 43. Bf7+ Kh7 44. Bg8+ Kg6 45. Bf7+ Kh7 46. Bg8+ $11) 41. Kxa3 Rxc3 (41... Bxc3 42. R1e7+ Bg7 43. Rxg7+ Kxg7 44. Nh5+ Kh7 (44... Kg6 45. Rg8+ Kxh5 46. Bf7+ Kh4 47. Bg3#) 45. Re7+ Kh8 46. Re8+ Kh7 47. Re7+ Kh8 48. Re8+ Kh7 $16) 0-1

[Event "7th Sharjah Masters 2024"]
[Site "Sharjah"]
[Date "2024.05.17"]
[Round "4.36"]
[White "Kuybokarov, Temur"]
[Black "Sivuk, Vitaly"]
[Result "1-0"]
[ECO "C88"]
[WhiteElo "2602"]
[BlackElo "2544"]
[Annotator "RC"]
[PlyCount "211"]
[EventDate "2024.05.13"]
[EventType "swiss"]
[EventCountry "UAE"]
[SourceTitle "playchess.com"]
[Source "ChessBase"]
[SourceQuality "1"]
[TimeControl "5400+30"]

1. e4 e5 2. Nf3 Nc6 3. Bb5 a6 4. Ba4 Nf6 5. O-O Be7 6. Re1 b5 7. Bb3 O-O 8. h3 Na5 9. Nxe5 Nxb3 10. axb3 Bb7 11. d3 d5 12. exd5 Qxd5 13. Qf3 Bd6 14. Kf1 Rfb8 15. Qxd5 Nxd5 16. Bd2 c5 17. Nf3 Rd8 18. Re2 Rac8 19. Nc3 Nb4 20. Ne1 Bf8 21. Ne4 Nc6 22. Nf3 f6 23. g4 Rd7 24. h4 Kf7 25. h5 h6 26. Kg2 f5 27. gxf5 Rd5 28. Ng3 Nd4 29. Nxd4 cxd4 30. Kh3 Rxc2 31. Rc1 Rxc1 32. Bxc1 Rc5 33. Bf4 Bd5 34. Ne4 Rc6 35. Be5 Bxb3 36. Bxd4 Bd1 37. Re3 Bxh5 38. f3 Kg8 39. f4 Kf7 40. Re1 Rc2 41. Ra1 Rc6 42. Be5 g6 43. Ng3 Bf3 44. Rf1 Bd5 45. fxg6+ Rxg6 46. f5 Rc6 47. Ra1 Bb4 48. Ne2 Rc2 49. Nf4 Bb7 50. Rg1 Bf8 51. Rg6 Bc8 52. Rf6+ Ke8 53. Ne6 Be7 54. Rxh6 a5 55. Nc7+ Kd7 56. Rh7 Kc6 57. Rxe7 Bxf5+ 58. Kg3 Bxd3 59. Ne6 Rc4 60. Nf4 Be4 61. Rc7+ Kb6 62. Rxc4 bxc4 63. Bd6 Kb5 64. Ne2 Ka4 65. Nc3+ Kb3 66. Nxe4 Kxb2 67. Kf2 a4 68. Ke2 a3 69. Kd1 a2 70. Be5+ Kb3 71. Nd2+ Kb4 72. Kc2 Kb5 73. Kb2 Kb4 74. Bc3+ Kc5 75. Kxa2 Kd5 76. Ka3 Kc5 77. Ka4 Kd5 78. Kb5 Kd6 79. Kxc4 Kc6 80. Ne4 Kb6 81. Kd5 Kc7 82. Nc5 Kb6 83. Ne6 Kb7 84. Kd6 Kb6 85. Nc7 Kb7 86. Bd4 Kb8 87. Kc6 Kc8 88. Ba7 Kd8 89. Nd5 Ke8 90. Kd6 Kf7 91. Ne7 Kf6 92. Be3 Kf7 93. Bg5 Ke8 94. Ng6 Kf7 95. Ne5+ Ke8 96. Ke6 Kf8 97. Bf6 Ke8 98. Nf7 Kf8 99. Nd6 Kg8 100. Kf5 Kh7 101. Kg5 Kg8 102. Kg6 Kf8 103. Bg5 Kg8 104. Be7 Kh8 105. Nf7+ Kg8 106. Nh6+ 1-0

[Event "7th Sharjah Masters 2024"]
[Site "Sharjah"]
[Date "2024.05.17"]
[Round "4.37"]
[White "Jumabayev, Rinat"]
[Black "Madaminov, Mukhiddin"]
[Result "1/2-1/2"]
[ECO "E05"]
[WhiteElo "2597"]
[BlackElo "2506"]
[Annotator "TA"]
[PlyCount "57"]
[EventDate "2024.05.13"]
[EventType "swiss"]
[EventCountry "UAE"]
[SourceTitle "playchess.com"]
[Source "ChessBase"]
[SourceQuality "1"]
[TimeControl "5400+30"]

1. Nf3 Nf6 2. g3 d5 3. Bg2 e6 4. O-O Be7 5. c4 O-O 6. d4 dxc4 7. Qc2 a6 8. a4 Bd7 9. Qxc4 Bc6 10. Bg5 Nbd7 11. Rc1 h6 12. Bxf6 Nxf6 13. Nc3 Bd6 14. b4 Bd5 15. Nxd5 exd5 16. Qb3 c6 17. e3 g6 18. b5 axb5 19. axb5 Rxa1 20. Rxa1 Qb6 21. Bf1 Kg7 22. Qa4 c5 23. dxc5 Bxc5 24. Rd1 Re8 25. Kg2 (25. Bg2 $5) 25... Qd6 {[%emt 0:01:54] The position is equal.} 26. Be2 Bb6 27. Qa2 Rc8 28. Qb2 Qc5 29. Qe5 {[%emt 0:08:33] Not much happened in this game.   Weighted Error Value: White=0.03 (flawless) /Black=0.02 (flawless) .  OK:         	White=10    	Black=8} 1/2-1/2

[Event "7th Sharjah Masters 2024"]
[Site "Sharjah"]
[Date "2024.05.17"]
[Round "4.38"]
[White "Gholami Orimi, Mahdi"]
[Black "Sethuraman, S.P."]
[Result "1-0"]
[ECO "E48"]
[WhiteElo "2470"]
[BlackElo "2593"]
[Annotator "TA"]
[PlyCount "83"]
[EventDate "2024.05.13"]
[EventType "swiss"]
[EventCountry "UAE"]
[SourceTitle "playchess.com"]
[Source "ChessBase"]
[SourceQuality "1"]
[TimeControl "5400+30"]

1. d4 Nf6 2. c4 e6 3. Nc3 Bb4 4. e3 O-O 5. Bd3 Re8 6. Nge2 d5 7. a3 Bf8 8. O-O b6 9. e4 {[%emt 0:06:31] The position is equal.} dxe4 10. Nxe4 Bb7 11. Nxf6+ Qxf6 12. Qc2 Qh4 13. Bf4 Bd6 14. Bg3 Bxg3 15. fxg3 Qh6 16. Rf4 {[%emt 0:00:10] Active counter play!} (16. Rae1 $14) 16... Nd7 $11 17. Kh1 f5 {[%emt 0:14:06] [#]} (17... g5 $15 18. Bxh7+ Kf8 (18... Qxh7 $2 19. Qxh7+ Kxh7 20. Rxf7+ Kg8 21. Rxd7 $16)) 18. d5 $1 Ne5 $15 19. Nd4 g5 20. Rff1 Ng4 (20... exd5 21. Nxf5 (21. Bxf5 $2 c5 $17) 21... Qc6 22. Nd4 $16) 21. h3 Ne3 (21... exd5 $2 22. Nxf5 (22. Bxf5 $2 Ne3 $19) 22... Qf6 23. hxg4 $18) 22. Qd2 Nxf1 23. Rxf1 Rad8 $1 24. Kh2 Qg7 (24... exd5 $2 25. Nxf5 Qf6 26. Nd6 $18) (24... Bc8 $1 $15) 25. Nxe6 $11 Rxe6 26. dxe6 Be4 27. Re1 $1 {[%emt 0:00:07][%cal Od2e3,Bf1e1,Be1e3,Be3e4][%mdl 32] Black must now prevent Qe3!} Rd6 (27... Rxd3 $2 28. Qxd3 Bxd3 29. e7 $18) (27... Qe7 $5 28. Re3 $8 Rd4 $14) 28. Re3 Qe5 {[%emt 0:00:30] [#]} (28... Qd4 $1 $11) 29. c5 $1 $36 {[%emt 0:02:18][%mdl 2048] White has strong initiative.} bxc5 {[%emt 0:02:36] Threatens to win with ...c4.} 30. Qe2 Kh8 {[%emt 0:07:01] [#]} (30... Kg7 $16) 31. Qf1 $2 (31. Qf3 $1 $18 {[%cal Re3e4] White threatens Rxe4 and mate.} g4 (31... Rxe6 $2 32. Rxe4 Qd5 33. Rxe6 $18) 32. Qf1 (32. hxg4 Qxe6 33. Qf4 Qh6+ 34. Qxh6 Rxh6+ 35. Kg1 Bxd3 $18) (32. Rxe4 Qxe4 33. Qxe4 fxe4 $18)) 31... Kg7 $2 {[%emt 0:08:09][%mdl 8192] [#] Black cannot hold the game after this.} (31... Rxe6 $2 32. Rxe4 (32. Bxe4 Kg7 $16) 32... Qf6 33. Rxe6 Qxe6 34. Bxf5 $18 (34. Qxf5 Qe7 $18)) (31... h5 $11) 32. Rxe4 $1 $18 fxe4 {[%emt 0:00:15][%mdl 4096] Endgame. KQR-KQB} 33. Qf7+ Kh6 34. Bc4 {[%emt 0:00:53] Intending e7 and mate.} Rd8 35. e7 Rh8 36. Bb5 e3 37. Kg1 ({Worse is} 37. e8=B e2 $11) (37. Bd3 $142 Qg7 38. Qe6+ (38. e8=B Qxf7 39. Bxf7 Kg7 $11) (38. e8=Q Rxe8 39. Qxe8 g4 $18) 38... Qg6 39. Bxg6 hxg6 40. e8=Q (40. e8=B Rxe8 41. Qxe8 Kg7 $18) 40... Rxe8 41. Qxe8 Kg7 42. Qxe3) 37... c6 {[%emt 0:06:38] White is clearly winning.} 38. Be2 g4 39. Bxg4 {[%emt 0:00:18] Threatening mate with Be2.} Rb8 40. Be2 (40. Bf5 $142 Qh8 41. Qe6+ Kg7 42. Qxe3 (42. Qxc6 Qe8 $18)) 40... Qxg3 {[%emt 0:05:00] ...Qf2+ is the strong threat.} 41. Qf6+ ({Weaker is} 41. e8=Q Rxe8 42. Qxe8 (42. Qh5+ Kg7 $11) 42... Qf2+ 43. Kh2 Qxe2 $11) 41... Qg6 42. Qf4+ {[%emt 0:00:49] Weighted Error Value: White=0.54/Black=0.42.  Loses game:     	---       	Black=1      Mistake:       	White=3     	Black=4      Inaccurate:     	White=2     	Black=2      OK:         	White=5     	Black=10     Best:        	White=1     	Black=3      Strong:       	White=1     	Black=1      Brilliant:      	White=2     	---} 1-0

[Event "7th Sharjah Masters 2024"]
[Site "Sharjah"]
[Date "2024.05.17"]
[Round "4.39"]
[White "Peralta, Fernando"]
[Black "Yilmazyerli, Mert"]
[Result "1/2-1/2"]
[ECO "D27"]
[WhiteElo "2575"]
[BlackElo "2522"]
[Annotator "TA"]
[PlyCount "30"]
[EventDate "2024.05.13"]
[EventType "swiss"]
[EventCountry "UAE"]
[SourceTitle "playchess.com"]
[Source "ChessBase"]
[SourceQuality "1"]
[TimeControl "5400+30"]

1. d4 d5 2. c4 dxc4 3. Nf3 Nf6 4. e3 e6 5. Bxc4 a6 6. O-O c5 7. a4 Nc6 8. Qe2 Be7 9. Rd1 Qc7 10. dxc5 O-O 11. b3 Ne4 {[%emt 0:00:46] White has an edge.} 12. Bb2 Nxc5 {[%emt 0:00:07] The position is equal.} 13. Nbd2 Rd8 14. Rac1 Bd7 15. Ne1 Bd6 {[%emt 0:00:21] Weighted Error Value: White=0.04 (flawless) /Black=0.04 (flawless) .  OK:         	White=3     	Black=2} 1/2-1/2

[Event "7th Sharjah Masters 2024"]
[Site "Sharjah"]
[Date "2024.05.17"]
[Round "4.40"]
[White "Dudin, Gleb"]
[Black "Dronavalli, Harika"]
[Result "1/2-1/2"]
[ECO "E05"]
[WhiteElo "2554"]
[BlackElo "2504"]
[Annotator "TA"]
[PlyCount "51"]
[EventDate "2024.05.13"]
[EventType "swiss"]
[EventCountry "UAE"]
[SourceTitle "playchess.com"]
[Source "ChessBase"]
[SourceQuality "1"]
[TimeControl "5400+30"]

1. d4 d5 2. c4 e6 3. Nf3 Nf6 4. g3 Be7 5. Bg2 O-O 6. O-O dxc4 7. Qc2 a6 8. a4 h6 9. Rd1 Nc6 10. Bf4 Nd5 11. Qxc4 Nxf4 12. gxf4 Qd5 13. Nbd2 Qxc4 14. Nxc4 Rd8 15. a5 Rb8 16. e3 Bd7 17. Nfe5 Nxe5 18. Nxe5 Be8 19. Rdc1 {[%emt 0:00:20] The position is equal.} Bd6 20. Nd3 Bb5 21. Nc5 c6 22. Bf1 Bxc5 23. Rxc5 Bxf1 24. Kxf1 Rd5 25. b4 g5 26. fxg5 {[%emt 0:01:04] Weighted Error Value: White=0.05 (flawless) /Black=0.06 (flawless) .  Inaccurate:     	White=2     	Black=1      OK:         	White=8     	Black=11} 1/2-1/2

[Event "7th Sharjah Masters 2024"]
[Site "Sharjah"]
[Date "2024.05.17"]
[Round "4.41"]
[White "Assaubayeva, Bibisara"]
[Black "Yilmaz, Mustafa"]
[Result "1/2-1/2"]
[ECO "A13"]
[WhiteElo "2481"]
[BlackElo "2641"]
[Annotator "TA"]
[PlyCount "109"]
[EventDate "2024.05.13"]
[EventType "swiss"]
[EventCountry "UAE"]
[SourceTitle "playchess.com"]
[Source "ChessBase"]
[SourceQuality "1"]
[TimeControl "5400+30"]

1. Nf3 d5 2. e3 Nf6 3. c4 e6 4. b3 Bd6 5. Bb2 O-O 6. Nc3 Re8 7. Be2 Nbd7 8. Qc2 a6 9. Rg1 b6 10. g4 Bb7 11. d3 Ne5 12. Nxe5 Bxe5 13. g5 Nd7 14. d4 Bxh2 15. Rg4 Bd6 16. O-O-O Nf8 17. f4 c5 18. dxc5 Bxc5 19. Kb1 Rc8 20. Bd3 Rc7 21. Qh2 Rd7 22. Rh1 $2 (22. Rh4 $1 $18 f5 (22... Bxe3 $2 23. Rxh7 f6 24. gxf6 $18) 23. gxf6 dxc4 24. Rxh7 (24. Bxh7+ Nxh7 25. Rxd7 Qxd7 $11) 24... Qxf6 (24... cxd3 $2 25. Rh8+ $18)) 22... g6 $14 23. Rh4 ({Better is} 23. cxd5 $16 {aiming for Qh6.} Bxd5 24. Nxd5 Rxd5 25. Be2 (25. Bxa6 $2 Rd1+ 26. Kc2 Rxh1 $17)) 23... f5 $1 $15 (23... Bxe3 24. Rxh7 Nxh7 25. Qxh7+ Kf8 26. Nxd5 (26. Qh8+ Ke7 $18) 26... exd5 27. Qh8+ Ke7 28. Qf6+ Kf8 29. Rh8#) 24. gxf6 dxc4 25. Bc2 Bxe3 (25... Qxf6 $2 26. Ne4 $18) (25... Bxh1 $15 {keeps the upper hand.} 26. Qxh1 Bxe3 (26... Qxf6 $2 27. Ne4 $18) (26... cxb3 27. axb3 Qc7 28. Rh3 $17)) 26. Rd1 $1 $16 Qc7 (26... Qxf6 $2 27. Rxd7 (27. bxc4 Qd8 $17) (27. Nd5 Qxb2+ 28. Kxb2 Bxd5 $16) 27... Nxd7 28. Nd5 (28. bxc4 Qf7 $15) 28... exd5 29. Bxf6 Nxf6 30. Qg3 $18) 27. Rxd7 $1 Qxd7 28. bxc4 $2 (28. Nd1 $1 $16 {[%cal Rd1e3] is forced if you want to stay better.} Bc5 29. b4) 28... Bd4 $1 $17 29. f5 exf5 (29... Bxf6 $17 30. fxg6 hxg6) 30. f7+ $11 Kxf7 31. Rxh7+ $1 Nxh7 32. Qxh7+ Bg7 33. Ne4 (33. Ne2 $1 $11 {keeps the balance.} Rg8 34. Nf4) 33... Kf8 $1 $17 34. Ba3+ Re7 $1 35. Ng5 {[%emt 0:00:04] [#]} Be4 $1 36. Nxe4 {[%emt 0:01:27] [#]} (36. Bxe7+ $2 {loses.} Qxe7 37. Nxe4 Qa3 $19 (37... fxe4 $2 38. Qh2 $19) (37... fxe4 $2 38. Qh3 $19)) 36... Qd4 $1 ({But not} 36... fxe4 $6 37. Qxg6 (37. Bxe7+ $2 {perishes.} Qxe7 38. Qh2 e3 $19) 37... Qd4 38. Bxe7+ Kxe7 39. Qxe4+ Kd6 40. c5+ Kxc5 41. Qxd4+ Bxd4 42. a3 $11) 37. Bxe7+ Kxe7 38. Kc1 fxe4 39. Qh4+ Kf8 (39... Kd6 {simplifies} 40. Qxe4 g5 41. Qxd4+ Bxd4 42. Bf5 Ke5) 40. Qxe4 Qg1+ 41. Kd2 Qf2+ 42. Kd3 Qf1+ (42... Bf6 $15 {was preferrable.}) 43. Kd2 $11 Qf2+ (43... Bb2 $11) 44. Kd3 $1 $15 a5 45. Qa8+ Ke7 46. Qe4+ Kf6 47. Qd4+ Qxd4+ 48. Kxd4 g5 49. Ke4 Ke6 50. Ba4 Be5 51. Kf3 Kd6 52. Bb5 Kc5 53. a4 Bf4 54. Kg4 Bd2 55. Kf3 1/2-1/2

[Event "7th Sharjah Masters 2024"]
[Site "Sharjah"]
[Date "2024.05.17"]
[Round "4.42"]
[White "Can, Emre"]
[Black "Avila Pavas, Santiago"]
[Result "1-0"]
[ECO "B12"]
[WhiteElo "2549"]
[BlackElo "2516"]
[Annotator "TA"]
[PlyCount "123"]
[EventDate "2024.05.13"]
[EventType "swiss"]
[EventCountry "UAE"]
[SourceTitle "playchess.com"]
[Source "ChessBase"]
[SourceQuality "1"]
[TimeControl "5400+30"]

1. e4 c6 2. d4 d5 3. e5 Bf5 4. h4 h5 5. Bd3 Bxd3 6. Qxd3 Qa5+ 7. Nd2 e6 8. Ngf3 {[%emt 0:00:30] The position is equal.} Qa6 9. c4 Bb4 10. b3 Nd7 11. O-O Ne7 12. Rd1 Nf5 13. a4 Rd8 14. Nf1 Be7 15. Bg5 Bxg5 $1 16. hxg5 dxc4 (16... Nf8 $14) 17. bxc4 $16 Nf8 18. Rab1 Ng6 19. Qb3 O-O 20. Ne3 (20. Qxb7 Qxc4 21. Ne3 Nxe3 (21... Qxa4 22. Nxf5 exf5 23. Rbc1 $14) 22. fxe3 Qxa4 $16) 20... Nxe3 21. fxe3 b6 22. Kf2 (22. Qc2 $14) 22... c5 $11 23. Qb5 (23. Rh1 $11) 23... Qc8 (23... Qb7 $17 24. a5 Qe4 25. axb6 axb6 26. Qxb6 cxd4 27. exd4 Qg4) 24. a5 Rd7 (24... bxa5 $11 {should be considered.} 25. dxc5 (25. Qxc5 $2 Qxc5 26. dxc5 Rxd1 $19) 25... a4) 25. dxc5 $14 Rxd1 26. Rxd1 bxc5 ({Black should play} 26... Qxc5 27. Qxc5 bxc5) 27. Rd7 (27. a6 $1 $16) 27... a6 $11 {[%emt 0:00:30] Black is weak on the dark squares} 28. Qb7 Qe8 (28... Qxb7 $14 29. Rxb7 Ra8) 29. Rd2 {[%emt 0:00:30] White is much more active.} (29. Kg3 $16) 29... Qb8 30. Rb2 Qd8 (30... Qe8 $14) 31. Qxa6 $16 Qd3 32. Qd6 $2 (32. Qb7 $18) 32... Qa3 33. Qd2 (33. Rb5 {looks sharper.} Qa2+ 34. Nd2 Nxe5 35. Rb8) 33... Qa4 34. Qc3 Ra8 ({Better is} 34... Rd8 $11) 35. Rb5 $36 {[%emt 0:00:30][%mdl 2048] White is more active.} Qa2+ 36. Kg3 h4+ 37. Kh2 (37. Nxh4 Nxh4 38. Kxh4 Qxg2 $17) (37. Kh3 $1 $16) 37... Rd8 (37... Kh7 $1 $11 {remains equal.}) 38. Qb2 (38. Rxc5 $2 Rd1 39. Rc8+ Kh7 $19) 38... Qxc4 {[%emt 0:00:30][%mdl 8192] This move loses the game for Black.} (38... Qxb2 $16 39. Rxb2 Rd3) 39. Rb8 $1 $18 Rxb8 40. Qxb8+ {[%emt 0:00:30][%mdl 4096] Endgame. KQN-KQN} Kh7 $2 (40... Nf8 41. g6 fxg6) 41. Qb7 $1 Qg4 42. a6 $1 (42. Qxf7 c4 43. Ng1 Qxg5 $11 (43... Nxe5 44. Qf4 $14)) 42... Qg3+ 43. Kh1 h3 44. Ng1 (44. gxh3 $142 Qxh3+ 45. Kg1 Qg4+ 46. Kf2) 44... Nxe5 {[%emt 0:00:30] ( -> ...Ng4)} (44... Qxe5 $2 45. a7 (45. gxh3 Qxe3 46. a7 Ne5 $18) (45. Qxf7 hxg2+ 46. Kxg2 Qxg5+ 47. Kf1 Qxe3 $11) 45... hxg2+ 46. Qxg2) (44... hxg2+ $2 45. Qxg2 Qxe3 46. a7 Qxe5 47. a8=Q (47. a8=B Kg8 $17)) 45. Qe4+ g6 46. gxh3 {[%emt 0:00:30] Strongly threatening a7.} (46. Nxh3 Ng4 47. Qf4 Qe1+ 48. Ng1 Qh4+ 49. Nh3 Qe1+ 50. Ng1 Qh4+ 51. Nh3 Qe1+ $11) 46... c4 {[%emt 0:00:30][%cal Oe5d3] And now ...Nd3! would win.} 47. Qf4 (47. a7 Nd3 48. Qf3 Nf2+ $11 (48... Qxg5 49. Qxf7+ Kh6 50. a8=Q Qd5+ 51. Qxd5) (48... Qxg5 49. Qxf7+ Kh6 50. a8=Q)) 47... Qxf4 48. exf4 {[%emt 0:00:30] KN-KN} Nc6 49. Ne2 Kg7 50. Kg2 Kf8 51. Kf3 Ke7 52. Ke3 Kd6 {[%emt 0:00:30] [#]} 53. Nd4 $1 Na7 {[%emt 0:00:30] [#]} 54. Nf3 $1 Kc5 55. Ne5 Kb4 56. Nxf7 c3 57. Ne5 Kb3 58. Nd3 {[%emt 0:00:30] h4 is the strong threat.} (58. Nxg6 $2 {too greedy.} c2 59. Ke4 (59. Kd2 $2 Kb2 $19) 59... c1=Q $19 (59... c1=R 60. Ke5 $16)) 58... Kc2 59. h4 {[%emt 0:00:30][%cal Bh3h4,Bh4h5,Bh5g6,Bg6g7][%mdl 32] Intending h5! and mate.} Kb1 {[%emt 0:00:30] [#]} 60. h5 $1 {[%emt 0:00:30][%mdl 512] White mates.} c2 (60... Nc6 61. h6) 61. hxg6 Nc6 62. g7 {[%emt 0:00:30] Weighted Error Value: White=0.32/Black=0.48.  Loses game:     	---       	Black=1      Mistake:       	White=6     	Black=9      Inaccurate:     	White=2     	Black=3      OK:         	White=9     	Black=16     Best:        	White=4     	Black=5      Strong:       	White=4     	Black=1} 1-0

[Event "7th Sharjah Masters 2024"]
[Site "Sharjah"]
[Date "2024.05.17"]
[Round "4.43"]
[White "Cardoso Cardoso, Jose Gabriel"]
[Black "Klimkowski, Jan"]
[Result "1-0"]
[ECO "C79"]
[WhiteElo "2497"]
[BlackElo "2518"]
[Annotator "ChessBase"]
[PlyCount "227"]
[EventDate "2024.05.13"]
[EventType "swiss"]
[EventCountry "UAE"]
[SourceTitle "playchess.com"]
[Source "ChessBase"]
[SourceQuality "1"]
[TimeControl "5400+30"]

1. e4 e5 2. Nf3 Nc6 3. Bb5 a6 4. Ba4 d6 5. O-O Nf6 6. Re1 Bd7 7. c3 g6 8. d4 Bg7 9. h3 O-O 10. Bc2 Re8 11. Nbd2 a5 12. Nf1 a4 13. a3 b5 14. Ng3 Na5 15. Rb1 c5 16. d5 Qe7 17. Nh2 h5 18. Bg5 Qf8 19. Bd3 Nh7 20. Be3 Bh6 21. Qd2 Nb3 22. Qe2 c4 23. Bc2 Nc5 24. Nf3 Bf4 25. Qd2 Qh6 26. Bxf4 Qxf4 27. Qxf4 exf4 28. Ne2 Nxe4 29. Nxf4 Nc5 30. h4 Nf6 31. Nd4 Na6 32. f3 Nc7 33. Red1 Re5 34. Rd2 Rae8 35. Rbd1 Ncxd5 36. Nxd5 Rxd5 37. Kf2 Rde5 38. Bb1 d5 39. Rh1 Kf8 40. Bc2 R8e7 41. Bd1 Ke8 42. Be2 Kd8 43. Rhd1 Kc7 44. Bf1 Kb6 45. Rc1 Re8 46. Nc2 Bc6 47. Rcd1 Bb7 48. Rd4 Nd7 49. Rf4 R8e7 50. Nb4 Nc5 51. g3 Nb3 52. Rf6+ R5e6 53. Rf4 Rd6 54. Nc2 Nc5 55. Nd4 Bc8 56. Rd2 Bd7 57. Rd1 Kc7 58. Nc2 Bc6 59. Nd4 Ne6 60. Rf6 Bd7 61. Nxe6+ Rdxe6 62. Rf4 Bc6 63. Rfd4 f6 64. R1d2 Re1 65. Rd1 Rxd1 66. Rxd1 g5 67. Be2 Kd6 68. Rd4 Kc5 69. Bd1 Be8 70. Bc2 Rg7 71. Bf5 Kd6 72. Bh3 Bg6 73. Bg2 Bf5 74. f4 Be6 75. Bf3 Bf7 76. Rd1 Rg8 77. Rd2 Kc5 78. Rd1 Re8 79. Rd2 Kd6 80. Rd1 Rd8 81. Rd2 Ke6 82. Re2+ Kd6 83. Rd2 gxf4 84. gxf4 Ke6 85. Bg2 Bg6 86. Bh3+ Ke7 87. Bg2 Bd3 88. Bf3 d4 89. cxd4 Rxd4 90. Ke3 Rd8 91. Bc6 Rc8 92. Bf3 Rc5 93. Rg2 Kd6 94. Rg8 Ke7 95. Kd4 Rf5 96. Ke3 Rc5 97. Kd4 Rf5 98. Ke3 Kd6 99. Rh8 Rc5 100. Rxh5 Rxh5 101. Bxh5 Bf5 102. Kd4 Ke7 103. Bf3 Bd3 104. Bc6 Be2 105. Kc3 Ke6 106. Bxb5 Kf5 107. Bxa4 Kxf4 108. Kd4 Kg4 109. Bc6 Kxh4 110. a4 Kg5 111. a5 f5 112. Bb7 f4 113. a6 f3 114. Ke4 1-0

[Event "7th Sharjah Masters 2024"]
[Site "Sharjah"]
[Date "2024.05.17"]
[Round "4.44"]
[White "Suleymenov, Alisher"]
[Black "Samant Aditya S"]
[Result "1/2-1/2"]
[ECO "E48"]
[WhiteElo "2501"]
[BlackElo "2501"]
[Annotator "TA"]
[PlyCount "34"]
[EventDate "2024.05.13"]
[EventType "swiss"]
[EventCountry "UAE"]
[SourceTitle "playchess.com"]
[Source "ChessBase"]
[SourceQuality "1"]
[TimeControl "5400+30"]

1. d4 Nf6 2. c4 e6 3. Nc3 Bb4 4. e3 O-O 5. Bd3 d5 6. cxd5 exd5 7. a3 Bd6 8. Qc2 c6 9. Nge2 Re8 10. Bd2 b6 11. f3 c5 12. g4 {[%emt 0:00:07] The position is equal.} c4 13. Bf5 Bxf5 14. Qxf5 {[%emt 0:00:05][%cal Og4g5] Hoping for g5!} g6 15. Qg5 Nc6 16. Qh4 Be7 {[%emt 0:03:11][%cal Of6e4] aiming for ...Ne4!} 17. Qf2 b5 {[%emt 0:13:21] Not much happened in this game.   Weighted Error Value: White=0.02 (flawless) /Black=0.03 (flawless) .  OK:         	White=6     	Black=5      Best:        	---       	Black=2} 1/2-1/2